 Dungeon Crawl Stone Soup version 0.22-a0-412-g2b68d144a4 (webtiles) character file.

139268 Kriby the Brawler (level 16, -16/162 HPs)
             Began as a Troll Monk on May 12, 2018.
             Demolished by an acid blob (38 damage)
             ... on level 5 of the Lair of Beasts.
             The game lasted 00:40:10 (23966 turns).

Kriby the Brawler (Troll Monk)                     Turns: 23966, Time: 00:40:11

Health: -16/162    AC:  1    Str: 28    XL:     16   Next: 73%
Magic:  15/15      EV: 12    Int:  6    God:
Gold:   1254       SH: 20    Dex: 12    Spells: 15/15 levels left

rFire    + + +     SeeInvis .     - Unarmed
rCold    + . .     Gourm    +   K - +0 large shield {rF+}
rNeg     . . .     Faith    .   L - +0 fire dragon scales
rPois    .         Spirit   .   w - +2 hat {MR+}
rElec    +         Reflect  .   a - +1 cloak {rC+}
rCorr    +         Harm     .   (gloves unavailable)
MR       ++...                  (boots unavailable)
Stlth    ..........             n - amulet of regeneration
HPRegen  1.17/turn              R - ring of resist corrosion
MPRegen  0.14/turn              G - +5 ring of slaying

@: corroded, berserk cooldown, slowed, very slow
A: large, unfitting armour, claws 3, cold resistance 1, fast metabolism 3,
gourmand, mutation resistance 1, regeneration 1, shaggy fur 1, electricity
resistance, tough skin 2
a: no special abilities


You were on level 5 of the Lair of Beasts.
You were full.

You visited 4 branches of the dungeon, and saw 25 of its levels.
You also visited: Labyrinth, Ice Cave and Volcano.

You collected 2454 gold pieces.
You spent 1200 gold pieces at shops.

Inventory:

Hand Weapons
 s - a +2 glaive of flaming
 W - the +3 giant club "Skullcrusher" {speed, Str+7}
   (You found it in a labyrinth)

   Attacks with this weapon are significantly faster.
   It affects your strength (+7).
Missiles
 B - 19 javelins
 Y - 24 large rocks (quivered)
Armour
 a - a +1 cloak of cold resistance (worn)
 w - a +2 hat of magic resistance (worn)
 E - a scarf of resistance
 F - +0 ice dragon scales
 H - a +1 cloak of fire resistance
 K - a +0 large shield of fire resistance (worn)
 L - +0 fire dragon scales (worn)
Jewellery
 d - a +5 ring of strength
 n - an amulet of regeneration (around neck)
 x - an uncursed ring of flight
 G - a +5 ring of slaying (right claw)
 R - a ring of resist corrosion (left claw)
 X - an uncursed ring of ice
 Z - an uncursed ring of poison resistance
Wands
 o - a wand of random effects (106)
 C - a wand of enslavement (18)
 I - a wand of flame (40)
 P - a wand of digging (16)
 Q - a wand of paralysis (4)
 V - a wand of acid (7)
Scrolls
 c - 14 scrolls of identify
 e - 5 scrolls of teleportation
 f - a scroll of random uselessness
 h - 4 scrolls of remove curse
 j - 4 scrolls of amnesia
 k - 5 scrolls of enchant weapon
 l - a scroll of immolation
 A - 5 scrolls of magic mapping
 N - 2 scrolls of fog
 O - 2 scrolls of silence
Potions
 g - 2 potions of berserk rage
 m - 6 potions of mutation
 p - 8 potions of lignification
 q - 2 potions of cancellation
 r - 2 potions of resistance
 t - 6 potions of agility
 u - 3 potions of brilliance
 v - a potion of haste
 z - 2 potions of degeneration
 D - 11 potions of curing
 J - 6 potions of might
 M - 2 potions of flight
 T - a potion of ambrosia
 U - a potion of heal wounds
Miscellaneous
 i - a lamp of fire (inert)
Comestibles
 b - 51 rations


   Skills:
 + Level 11.1 Fighting
 + Level 6.3 Armour
 + Level 11.1 Dodging
 - Level 1.0 Stealth
 * Level 13.2 Shields
 * Level 17.3 Unarmed Combat


You had 15 spell levels left.
You didn't know any spells.
Your spell library contained the following spells:

 Spells                   Type           Power        Failure   Level  Hunger
 Cause Fear               Hex            #.........   100%        4    #####..
 Fireball                 Conj/Fire      #.........   100%        5    ######.
 Apportation              Tloc           #.....       86%         1    ##.....
 Conjure Flame            Conj/Fire      #.......     99%         3    ####...
 Bolt of Magma            Conj/Fire/Erth #.........   100%        5    ######.
 Slow                     Hex            #.......     95%         2    ###....
 Throw Flame              Conj/Fire      #.....       95%         2    ###....
 Summon Small Mammal      Summ           #...         86%         1    ##.....
 Animate Skeleton         Necr           N/A          86%         1    ##.....
 Sticky Flame             Conj/Fire      #.......     100%        4    #####..
 Summon Ice Beast         Ice/Summ       #.......     100%        4    #####..
 Regeneration             Chrm/Necr      #.........   99%         3    ####...
 Iron Shot                Conj/Erth      #.........   100%        6    #######
 Stone Arrow              Conj/Erth      #.....       99%         3    ####...
 Statue Form              Tmut/Erth      #........    100%        6    #######
 Confusing Touch          Hex            #.....       86%         1    ##.....
 Flame Tongue             Conj/Fire      #....        86%         1    ##.....
 Passwall                 Tmut/Erth      #.........   95%         2    ###....
 Call Canine Familiar     Summ           #.......     99%         3    ####...
 Summon Butterflies       Summ           #.......     86%         1    ##.....
 Shatter                  Erth           #.........   100%        9    #######
 Corona                   Hex            #......      86%         1    ##.....
 Lee's Rapid Deconstruct  Erth           #.........   100%        5    ######.
 Sandblast                Erth           #.....       86%         1    ##.....
 Portal Projectile        Hex/Tloc       #.....       99%         3    ####...
 Petrify                  Tmut/Erth      #.......     100%        4    #####..
 Leda's Liquefaction      Hex/Erth       #.........   100%        4    #####..
 Summon Hydra             Summ           #.........   100%        7    #######
 Shroud of Golubria       Chrm/Tloc      #.........   95%         2    ###....
 Inner Flame              Hex/Fire       #.......     99%         3    ####...
 Infusion                 Chrm           #...         86%         1    ##.....
 Song of Slaying          Chrm           #.......     95%         2    ###....
 Spectral Weapon          Hex/Chrm       #.......     99%         3    ####...
 Summon Mana Viper        Hex/Summ       #.......     100%        5    ######.


Dungeon Overview and Level Annotations

Branches:
Dungeon (15/15)            Temple (0/1) D:7            Lair (6/6) D:9
 Shoals (0/4) Lair:4        Snake (0/4) Lair:4        Slime (2/5) Lair:5
    Orc (2/2) D:11            Elf (0/3) Orc:2        Vaults (0/5) D:13
 Depths (0/5) D:15

Altars:
Cheibriados
Dithmenos
Fedhas
Makhleb
Nemelex Xobeh
Okawaru
Qazlal
Ru
Trog
Uskayaw
Vehumet
Xom
Yredelemnul

Shops:
Orc:2 =!?[


Innate Abilities, Weirdness & Mutations

You are too large for most types of armour.
You have claws for hands.
Your metabolism is lightning-fast.
You like to eat raw meat.
Your natural rate of healing is unusually fast.
You are covered in fur. (AC +1)
You have very tough skin. (AC +2)
Your flesh is cold resistant. (rC+)
You are somewhat resistant to further mutation.
You are resistant to electric shocks. (rElec)


Message History

* * * LOW HITPOINT WARNING * * *
You block the acid blob's attack. You block the jelly's attack.
You block the acid blob's attack. The acid blob spits acid at you.
The splash of acid hits you! You resist.
* * * LOW HITPOINT WARNING * * *
The acid corrodes you!
You are splashed with acid!
The acid burns!
You resist.
* * * LOW HITPOINT WARNING * * *
You feel much better. The acid blob hits you.
* * * LOW HITPOINT WARNING * * *
You are splashed with acid!
The acid burns!
You resist.
* * * LOW HITPOINT WARNING * * *
You block the acid blob's attack. You block the jelly's attack.
The acid blob spits acid at you. The splash of acid hits you! You resist.
* * * LOW HITPOINT WARNING * * *
You are splashed with acid!
The acid burns!
You resist.
* * * LOW HITPOINT WARNING * * *
The acid blob hits you!!!
You die...

###..................P..#....
###.#..................##......
#.÷#÷...................##.....
###......................##......
#P.......................P##.....
#.........................##.....
............##....###....##......
#.........#.###...##.....###P....
.............##.@.#.#...P##......
###............JJJ.........#.....
#.P...........>................
##.P......................##...
###........#.....##...##..##.#.
#.#.......##....###...########.
##.........##....#.....# ##
###..................P.#
#P.#.........P.####..###


You could see 2 acid blobs and a jelly.

Vanquished Creatures
  6 acid blobs
  Gastronok (Lair:1)
  3 azure jellies
  An orc warlord (Orc:2)
  A frost giant (IceCv)
  Nessos (Lair:5)
  A minotaur (Lab)
  A death ooze (Slime:2)
  A fire dragon (Volcano)
  4 great orbs of eyes
  An ice dragon (Orc:2)
  4 vault guards (D:12)
  4 catoblepae
  2 hydras (Lair:4)
  Erica (D:10)
  5 centaur warriors
  A tengu warrior (D:14)
  2 orc high priests (Orc:2)
  An ogre mage (D:15)
  8 death yaks
  14 two-headed ogres
  Sonja (D:13)
  A fire crab (Lair:5)
  3 skeletal warriors (D:13)
  An unseen horror (D:12)
  3 wizards
  A wolf spider zombie (D:15)
  A necromancer (D:15)
  2 orc knights (D:15)
  6 orc sorcerers (Orc:2)
  3 manticores
  3 deep elf magi
  5 cyclopes
  12 ugly things
  An oklob plant (Lair:2)
  3 salamanders (Volcano)
  9 elephants (Lair:5)
  2 ice statues (IceCv)
  A torpor snail (Lair:5)
  2 black mambas
  3 eyes of devastation (Slime:1)
  Joseph (Lair:1)
  A centaur zombie (D:14)
  A spiny frog (shapeshifter) (D:15)
  6 spiny frogs
  A kobold demonologist (D:8)
  A naga mage (D:15)
  A freezing wraith (D:15)
  6 rime drakes
  A tengu conjurer (D:14)
  The ghost of M4edhros the Sneak, a novice OpAr of Fedhas (D:5)
  7 komodo dragons
  7 trolls
  5 meliai
  19 polar bears
  3 hornets
  2 queen bees
  20 blink frogs
  23 slime creatures
  13 dream sheep (Lair:6)
  8 hippogriffs
  Sigmund (D:4)
  A shadow (D:15)
  68 yaks
  4 basilisks
  2 humans (D:11)
  10 wyverns
  A vampire (D:13)
  2 fire bats (Volcano)
  5 steam dragons (Volcano)
  6 hungry ghosts
  2 wargs
  2 nagas (Lair:4)
  12 water moccasins
  3 soldier ants
  3 porcupines
  17 orc warriors
  4 sky beasts
  3 black bears
  3 eyes of draining
  3 ice beasts
  2 phantoms
  2 necrophages
  14 ogres
  21 centaurs
  37 wolves
  21 crocodiles
  11 big kobolds
  15 bullfrogs
  A hornet simulacrum (D:15)
  4 scorpions
  61 killer bees
  10 wights
  9 crimson imps
  2 bullfrog zombies
  4 hounds
  9 jellies
  38 orc wizards
  7 centaur skeletons
  17 orc priests
  A bullfrog skeleton (D:7)
  4 iguanas
  Ijyb (D:3)
  7 worker ants
  A hound skeleton (D:7)
  A worker ant zombie (D:11)
  11 gnolls
  15 adders
  3 shadow imps
  5 oozes
  An adder zombie (D:8)
  2 worms (D:2)
  5 dart slugs
  8 leopard geckos
  77 orcs
  2 ball pythons (D:1)
  2 bats
  10 giant cockroaches
  13 goblins
  10 hobgoblins
  16 jackals
  24 kobolds
  6 quokkas
  A jackal skeleton (D:8)
  A leopard gecko zombie (D:5)
  A quokka skeleton (D:4)
  18 rats
  A bush (Lair:2)
  2 plants (Volcano)
939 creatures vanquished.

Vanquished Creatures (collateral kills)
  A hippogriff (Lair:4)
1 creature vanquished.

Vanquished Creatures (others)
  A gnoll shaman (Orc:2)
  An orc (D:13)
  A bush (Lair:5)
  11 fungi
  17 plants
31 creatures vanquished.

Grand Total: 971 creatures vanquished

Notes
Turn   | Place    | Note
-------+----------+-------------------------------------------
     0 | D:1      | Kriby the Troll Monk began the quest for the Orb.
     0 | D:1      | Reached XP level 1. HP: 22/22 MP: 0/0
    20 | D:1      | Reached XP level 2. HP: 29/29 MP: 1/1
   190 | D:1      | Reached XP level 3. HP: 36/36 MP: 2/2
   712 | D:2      | Reached skill level 4 in Unarmed Combat
   804 | D:2      | Reached XP level 4. HP: 40/44 MP: 3/3
  1166 | D:2      | Found an iron altar of Okawaru.
  1169 | D:2      | Found a stormy altar of Qazlal.
  1181 | D:2      | Found a snail-covered altar of Cheibriados.
  1445 | D:3      | Reached XP level 5. HP: 53/53 MP: 4/4
  1509 | D:3      | Noticed Ijyb
  1526 | D:3      | Killed Ijyb
  1751 | D:3      | Noticed a hungry ghost
  1766 | D:3      | Killed a hungry ghost
  1766 | D:3      | Reached skill level 5 in Unarmed Combat
  1766 | D:3      | Reached XP level 6. HP: 61/61 MP: 5/5
  2578 | D:4      | Reached skill level 6 in Unarmed Combat
  2578 | D:4      | Reached XP level 7. HP: 61/68 MP: 6/6
  2626 | D:4      | Found a blossoming altar of Fedhas.
  2628 | D:4      | Noticed Sigmund
  2633 | D:4      | Killed Sigmund
  2693 | D:4      | Found a burning altar of Makhleb.
  2693 | D:4      | Found a radiant altar of Vehumet.
  2965 | D:5      | Entered Level 5 of the Dungeon
  2983 | D:4      | Reached skill level 7 in Unarmed Combat
  2995 | D:4      | Reached XP level 8. HP: 72/79 MP: 7/7
  3290 | D:5      | Reached skill level 8 in Unarmed Combat
  3300 | D:5      | Reached skill level 5 in Dodging
  3315 | D:5      | Reached skill level 5 in Fighting
  3453 | D:5      | Noticed M4edhros's ghost (novice OpAr)
  3466 | D:5      | Killed M4edhros's ghost
  3738 | D:6      | Found a basalt altar of Yredelemnul.
  3738 | D:6      | Found a hide-covered altar of Uskayaw.
  3740 | D:6      | Found a sacrificial altar of Ru.
  3740 | D:6      | Found a bloodstained altar of Trog.
  3764 | D:6      | Reached skill level 9 in Unarmed Combat
  3764 | D:6      | Reached XP level 9. HP: 52/88 MP: 8/8
  4561 | D:7      | Found a staircase to the Ecumenical Temple.
  4659 | D:7      | Found a burning altar of Makhleb.
  4775 | D:7      | Reached skill level 1 in Shields
  5010 | D:7      | You fall through a shaft for 2 floors!
  5272 | D:9      | Found a staircase to the Lair.
  5273 | D:9      | Noticed a komodo dragon
  5292 | D:9      | Reached skill level 10 in Unarmed Combat
  5320 | D:9      | Noticed a two-headed ogre
  5339 | D:9      | Killed a two-headed ogre
  5339 | D:9      | Reached XP level 10. HP: 73/98 MP: 9/9
  5742 | D:9      | Paralysed by a hornet for 1 turns
  6182 | D:8      | Noticed an orange demon
  6185 | D:8      | Reached skill level 11 in Unarmed Combat
  6196 | D:8      | Reached skill level 5 in Shields
  6399 | D:8      | Found a sparkling altar of Nemelex Xobeh.
  6463 | D:8      | Noticed a two-headed ogre
  6470 | D:8      | Killed a two-headed ogre
  6542 | D:8      | Reached XP level 11. HP: 108/108 MP: 10/10
  6962 | D:10     | Entered Level 10 of the Dungeon
  6962 | D:10     | Noticed Erica
  6972 | D:10     | Killed Erica
  7686 | Lair:1   | Entered Level 1 of the Lair of Beasts
  7687 | Lair:1   | Noticed Gastronok
  7698 | Lair:1   | Killed Gastronok
  7792 | Lair:1   | Reached skill level 12 in Unarmed Combat
  7990 | Lair:1   | Noticed Joseph
  7998 | Lair:1   | Killed Joseph
  8585 | Lair:2   | Reached XP level 12. HP: 92/118 MP: 11/11
 10154 | Lair:4   | Found a shadowy altar of Dithmenos.
 10181 | Lair:4   | Reached skill level 13 in Unarmed Combat
 10473 | Lair:4   | Found a staircase to the Shoals.
 10480 | Lair:4   | Noticed a catoblepas
 10491 | Lair:4   | Noticed a seven-headed hydra
 10497 | Lair:4   | Killed a catoblepas
 10505 | Lair:4   | Found a staircase to the Snake Pit.
 10649 | Lair:4   | Killed an 11-headed hydra
 10760 | Lair:4   | Found a dark tunnel.
 10772 | Volcano  | Entered a volcano
 10808 | Volcano  | Noticed a two-headed ogre
 10839 | Volcano  | Killed a two-headed ogre
 11075 | Volcano  | Reached XP level 13. HP: 127/127 MP: 12/12
 11159 | Volcano  | Noticed a fire dragon
 11178 | Volcano  | Killed a fire dragon
 11548 | Volcano  | Gained mutation: You are resistant to electric shocks. (rElec) [potion of mutation]
 11548 | Volcano  | Gained mutation: Your flesh is cold resistant. (rC+) [potion of mutation]
 11548 | Volcano  | Gained mutation: You are somewhat resistant to further mutation. [potion of mutation]
 12071 | Lair:4   | Reached skill level 14 in Unarmed Combat
 12517 | Lair:5   | Found a staircase to the Slime Pits.
 12884 | Lair:5   | Reached skill level 10 in Shields
 13566 | Slime:1  | Entered Level 1 of the Pits of Slime
 13566 | Slime:1  | Noticed an azure jelly
 13592 | Lair:6   | Entered Level 6 of the Lair of Beasts
 13635 | Lair:6   | Noticed Nessos
 13724 | Lair:5   | Killed Nessos
 13994 | Lair:6   | Reached XP level 14. HP: 138/140 MP: 13/13
 13998 | Lair:6   | Reached skill level 1 in Armour
 14268 | Lair:6   | Reached skill level 15 in Unarmed Combat
 15424 | D:11     | Found an iron altar of Okawaru.
 15723 | D:11     | Found a staircase to the Orcish Mines.
 16810 | D:12     | Found a shimmering altar of Xom.
 16823 | D:12     | Reached skill level 10 in Fighting
 17243 | D:13     | Reached skill level 10 in Dodging
 17489 | D:13     | Noticed Sonja
 17714 | D:13     | Killed Sonja
 17734 | D:13     | Found a gate to the Vaults.
 17788 | D:12     | Reached XP level 15. HP: 41/149 MP: 14/14
 18760 | D:14     | Reached skill level 16 in Unarmed Combat
 19316 | D:15     | Entered Level 15 of the Dungeon
 19316 | D:15     | Found a labyrinth entrance.
 19353 | Lab      | Entered a labyrinth
 19552 | Lab      | Found the +3 giant club "Skullcrusher" {speed, Str+7}
 20020 | D:15     | Found a staircase to the Depths.
 20259 | D:15     | Reached skill level 5 in Armour
 20723 | Orc:1    | Entered Level 1 of the Orcish Mines
 20778 | Orc:2    | Entered Level 2 of the Orcish Mines
 20854 | Orc:2    | Found a staircase to the Elven Halls.
 21146 | Orc:2    | Found Oplac's Armour Shoppe.
 21146 | Orc:2    | Found Posarir's Magic Scroll Shoppe.
 21147 | Orc:2    | Found Mahegan's Jewellery Emporium.
 21150 | Orc:2    | Found Caet's Distillery.
 21175 | Orc:2    | Bought a potion of mutation for 128 gold pieces
 21175 | Orc:2    | Bought 2 potions of cancellation for 256 gold pieces
 21175 | Orc:2    | Bought a potion of curing for 48 gold pieces
 21175 | Orc:2    | Bought a potion of curing for 48 gold pieces
 21175 | Orc:2    | Bought a potion of heal wounds for 80 gold pieces
 21315 | Orc:2    | Reached XP level 16. HP: 161/161 MP: 15/15
 21431 | Orc:2    | Found a frozen archway.
 21484 | IceCv    | Entered an ice cave
 22464 | Orc:2    | Bought an uncursed ring of resist corrosion for 320 gold pieces
 22464 | Orc:2    | Bought an uncursed ring of poison resistance for 320 gold pieces
 22751 | Slime:1  | Noticed an acid blob
 22884 | Slime:1  | Killed an acid blob
 22884 | Slime:1  | Reached skill level 17 in Unarmed Combat
 22959 | Slime:2  | Noticed an acid blob
 22959 | Slime:2  | Noticed an acid blob
 22959 | Slime:2  | Noticed an acid blob
 22959 | Slime:2  | Noticed an acid blob
 22959 | Slime:2  | Noticed an acid blob
 22962 | Slime:2  | Noticed an acid blob
 22963 | Slime:2  | Killed an acid blob
 23264 | Lair:5   | Killed an acid blob
 23399 | Slime:1  | Noticed an acid blob
 23411 | Slime:1  | Killed an acid blob
 23648 | Slime:2  | Noticed an acid blob
 23649 | Slime:2  | Noticed an acid blob
 23710 | Slime:2  | Paralysed by a floating eye for 4 turns
 23954 | Slime:1  | Killed an acid blob
 23958 | Slime:1  | Killed an acid blob
 23961 | Lair:5   | HP: 10/243 [acid (5)]
 23966 | Lair:5   | Demolished by an acid blob

Vault maps used:
D:1:      onia_arrival_handbag
D:2:      minmay_overflow_temple_star_quad, first_ration,
          minmay_stone_trees_small, minmay_cut_off
D:3:      kennysheep_the_goblin_king, minmay_randomly_rotated_circles
D:4:      grunt_temple_overflow_lords_of_destruction, fedhas_altar_2,
          uniq_sigmund
D:6:      grunt_temple_overflow_open
D:7:      minmay_temple_entry_from_below_b, basic_altar
D:8:      special_room, nemelex_xobeh_ov_fountains_minmay
D:9:      david_lair_shrubbed, hangedman_pestilent_swarm
D:10:     uniq_erica
D:11:     orc_0_dummy, okawaru_humans
D:12:     basic_altar
D:13:     lightli_vaults_fourway_checkpoint, uniq_sonja
D:14:     minmay_misc_feat_more_columns, minmay_joined_circles
D:15:     grunt_enter_depths_magical_seal, lab_entry_generic, amethyst_killhole
Lair:1:   uniq_joseph, uniq_gastronok
Lair:2:   minmay_lair_oklob_bushes, grunt_megastairs_2
Lair:3:   lemuel_fruit_fields
Lair:4:   regret_index_bee_streams, elwin_shoals_entry_rocks,
          guppyfry_snake_entry_island, basic_altar, enter_volcano_1,
          wad_woods_road_04, serial_bayou_shore_b
Lair:5:   minmay_slime_entry_pillars, special_room, infiniplex_staircase_pool
Lair:6:   evilmike_catoblepas_cave, infiniplex_staircase_pool_2,
          grunt_megastairs_1, uniq_nessos
Slime:2:  special_room
Orc:2:    st_orc_mages, portal_ice_cave_entry_animals_and_master, elf_legates
Lab:      nicolae_lab_dead_adventurers
IceCv:    ice_cave_small_giant
Volcano:  pf_volcano_lost_world

Skill      XL: |  1  2  3  4  5  6  7  8  9 10 11 12 13 14 15 16 |
---------------+-------------------------------------------------+-----
Unarmed Combat | 4 5 6 7 9 10 11 12 13 14 15 16 17 | 17.3
Fighting       | 3 4 5 6 7 8 9 10 11 | 11.1
Dodging        | 3 4 5 6 7 8 9 10 11 | 11.1
Shields        | 3 5 7 9 10 11 12 13 | 13.2
Armour         | 3 5 6 |  6.3
Stealth        | |  1.0

Action                   |  1- 3 |  4- 6 |  7- 9 | 10-12 | 13-15 | 16-18 || total
-------------------------+-------+-------+-------+-------+-------+-------++-------
Melee: Unarmed           |    94 |   184 |   267 |   549 |  1386 |   287 ||  2767
       Punch             |     4 |     4 |     3 |       |       |       ||    11
Evoke: Wand              |       |       |     2 |     3 |    20 |     5 ||    30
       Sack of spiders   |       |       |       |     2 |     4 |       ||     6
       Lamp of fire      |       |       |       |     1 |     2 |     2 ||     5
  Use: Scroll            |       |     3 |       |    13 |     7 |     2 ||    25
       Potion            |       |     1 |     4 |     4 |    12 |     6 ||    27
 Stab: Sleeping          |     5 |     2 |     2 |     4 |       |       ||    13
       Invisible         |       |     3 |       |     1 |     1 |       ||     5
       Distracted        |       |       |     1 |       |       |       ||     1
       Paralysed         |       |       |       |     4 |     2 |       ||     6
       Petrifying        |       |       |       |       |     2 |       ||     2
  Eat: Chunk             |    13 |    24 |    30 |    53 |    99 |    11 ||   230
       Ration            |       |       |       |       |       |     3 ||     3
Armor: Robe              |    28 |    73 |    74 |    84 |     1 |       ||   260
       Skin              |       |       |     6 |       |       |       ||     6
       Fire dragon scale |       |       |       |       |   313 |    40 ||   353
       Ice dragon scales |       |       |       |       |       |    59 ||    59
Dodge: Dodged            |    37 |   124 |   101 |   123 |   387 |    63 ||   835
Block: Large shield      |       |       |    34 |   422 |  1204 |   262 ||  1922
       Shield            |       |       |     9 |       |       |       ||     9

Table legend:
 A = Spawn XP
 B = Non-spawn XP
 C = Spawn XP percentage of total XP
 D = Spawn monster count
 E = Non-spawn monster count
 F = Spawn count percentage of total count
 G = Total turns spent on level
                    A         B        C        D         E        F      G
               +---------+---------+-------+---------+---------+-------+---------
         Total |       0 |  198955 |   0.0 |       0 |     938 |   0.0 | 23966
               +---------+---------+-------+---------+---------+-------+---------
           D:1 |       0 |      63 |   0.0 |       0 |      31 |   0.0 |   567
           D:2 |       0 |     113 |   0.0 |       0 |      35 |   0.0 |   819
           D:3 |       0 |     330 |   0.0 |       0 |      26 |   0.0 |   816
           D:4 |       0 |     948 |   0.0 |       0 |      33 |   0.0 |   802
           D:5 |       0 |    1177 |   0.0 |       0 |      33 |   0.0 |   734
           D:6 |       0 |     810 |   0.0 |       0 |      16 |   0.0 |   707
           D:7 |       0 |     575 |   0.0 |       0 |      12 |   0.0 |   733
           D:8 |       0 |    2890 |   0.0 |       0 |      33 |   0.0 |   728
           D:9 |       0 |    4217 |   0.0 |       0 |      53 |   0.0 |  1181
          D:10 |       0 |    1960 |   0.0 |       0 |      23 |   0.0 |   738
          D:11 |       0 |    2857 |   0.0 |       0 |      27 |   0.0 |   926
          D:12 |       0 |   11915 |   0.0 |       0 |      45 |   0.0 |  1455
          D:13 |       0 |   10144 |   0.0 |       0 |      36 |   0.0 |   704
          D:14 |       0 |   12145 |   0.0 |       0 |      40 |   0.0 |  1025
          D:15 |       0 |   20720 |   0.0 |       0 |      54 |   0.0 |  1023
        Lair:1 |       0 |    7082 |   0.0 |       0 |      24 |   0.0 |   894
        Lair:2 |       0 |    5476 |   0.0 |       0 |      27 |   0.0 |   996
        Lair:3 |       0 |     788 |   0.0 |       0 |       4 |   0.0 |   665
        Lair:4 |       0 |   13364 |   0.0 |       0 |      68 |   0.0 |  1419
        Lair:5 |       0 |   21270 |   0.0 |       0 |      83 |   0.0 |  2597
        Lair:6 |       0 |   22427 |   0.0 |       0 |      67 |   0.0 |  1191
       Slime:1 |       0 |   18115 |   0.0 |       0 |      20 |   0.0 |   379
       Slime:2 |       0 |    6998 |   0.0 |       0 |      12 |   0.0 |    17
         Orc:2 |       0 |   14435 |   0.0 |       0 |      72 |   0.0 |  1070
           Lab |       0 |    1246 |   0.0 |       0 |       1 |   0.0 |   234
         IceCv |       0 |    9987 |   0.0 |       0 |      36 |   0.0 |   664
       Volcano |       0 |    6903 |   0.0 |       0 |      27 |   0.0 |   823
               +---------+---------+-------+---------+---------+-------+---------
